 Dungeon Crawl Stone Soup version 0.29-a0-82-g837932c90e (webtiles) character file.

Game seed: 13064427799887887328

16 lordive the Sneak (level 2, -1/13 HPs)
             Began as a Spriggan Enchanter on Feb 5, 2022.
             Succumbed to an adder's poison
             ... on level 1 of the Dungeon.
             The game lasted 00:02:00 (2106 turns).

lordive the Sneak (Spriggan Enchanter)              Turns: 2106, Time: 00:02:00

Health: -1/13      AC:  2    Str:  4    XL:     2   Next: 41%
Magic:  1/7        EV: 17    Int: 16    God:
Gold:   44         SH:  0    Dex: 15    Spells: 5/7 levels left

rFire   . . .      SeeInvis +   a - +1 dagger
rCold   . . .      Faith    .   (no shield)
rNeg    . . .      Spirit   .   b - +0 robe
rPois   .          Reflect  .   (helmet restricted)
rElec   .          Harm     .   (no cloak)
rCorr   .          Rampage  .   (gloves unavailable)
Will    .....                   (boots unavailable)
Stlth   +++.......              (no amulet)
HPRegen 0.04/turn               (no ring)
MPRegen 0.10/turn               (no ring)

@: lethally poisoned (-1 -> -12), very slightly contaminated, very quick
A: very small, no large weapons, unfitting armour, see invisible, speed 3
a: no special abilities


You were on level 1 of the Dungeon.
You visited 1 branch of the dungeon, and saw 2 of its levels.

You collected 44 gold pieces.

Inventory:

Hand Weapons
 a - a +1 dagger (weapon)
Armour
 b - a +0 robe (worn)
Scrolls
 d - a scroll of brand weapon {unknown}
 e - a scroll of enchant armour {unknown}
 g - 2 scrolls of fear {unknown}
 h - a scroll of noise {unknown}
 i - a scroll of identify {unknown}
Potions
 c - a potion of invisibility
 f - 2 potions of brilliance {unknown}


   Skills:
 + Level 1.4 Short Blades
 + Level 3.0 Dodging
 + Level 4.9 Stealth
 + Level 3.0 Spellcasting
 + Level 3.7 Hexes


You had 5 spell levels left.
You knew the following spells:

 Your Spells              Type           Power      Damage    Failure   Level
a - Ensorcelled Hibernat  Hex/Ice        16%        N/A       13%         2

Your spell library contained the following spells:

 Spells                   Type           Power      Damage    Failure   Level
 Confusing Touch          Hex            14%        N/A       12%         3
 Tukima's Dance           Hex            14%        N/A       12%         3
 Dazzling Flash           Conj/Hex       16%        N/A       26%         3


Dungeon Overview and Level Annotations

Branches:
Dungeon (2/15)

Altars:


Innate Abilities, Weirdness & Mutations

You are very small and have problems with some larger weapons.
You are too small for most types of armour.
You have supernaturally acute eyesight. (SInv)
You cover ground extremely quickly. (Speed+++)


Message History

There is a stone staircase leading down here.
Memorise Ensorcelled Hibernation, consuming 2 spell levels and leaving 5?
You start memorising the spell.
You continue memorising. x2
You finish memorising.
Spell assigned to 'a'.
You start resting.
HP restored.
You can't go up here!
Unknown command.
You climb downwards.
There is a stone staircase leading up here.
Casting: Ensorcelled Hibernation (safe; 13% risk of failure)
Confirm with . or Enter, or press ? or * to list all spells.
Aiming: Ensorcelled Hibernation (safe; 13% risk of failure)
Press: ? - help, Shift-Dir - straight line, f - adder
Aim: an adder (chance to affect: 50%)
You miscast Ensorcelled Hibernation.
You are very lightly contaminated with residual magic.
Nothing appears to happen.
Casting: Ensorcelled Hibernation (safe; 13% risk of failure)
Confirm with . or Enter, or press ? or * to list all spells.
Aiming: Ensorcelled Hibernation (safe; 13% risk of failure)
Press: ? - help, Shift-Dir - straight line, f/p - adder
Aim: an adder (chance to affect: 50%)
The adder resists with some effort.
The adder bites you. x2
You are poisoned.
The adder poisons you!
Casting: Ensorcelled Hibernation (safe; 13% risk of failure)
Confirm with . or Enter, or press ? or * to list all spells.
Aiming: Ensorcelled Hibernation (safe; 13% risk of failure)
Press: ? - help, Shift-Dir - straight line, f/p - adder
Aim: an adder (chance to affect: 50%)
The adder resists with some effort.
You feel sick. The adder closely misses you.
Unknown command.
You feel sick. The adder bites you.
* * * LOW HITPOINT WARNING * * *
You are more poisoned.
The adder poisons you!
You climb upwards.
You die...

..................^....### #.#
#.#......................####.###
#.##.###...###....#.#..##....[...
#.##.###.....#....#.#..##)###.###
#.##..............#.......# #....
..######..................# #.#.#
########..#########.#..#..# #.#.#
..........#....S..#.#..#..###.#.#
#########.'.>.>.@.'.............#
# #...# #.#.......#......####.#.#
###...###.#########....######....
..........#.......#...........#..
#####.###(+...<...'..########.#..
..###.###.#.......#......####....
###.......#########.#............
#####.##### #.# #.#.....##.#...
......#.# #.# #.#.......#...#


You could see an adder.

Vanquished Creatures
  A dart slug (D:2)
  An endoplasm (D:1)
  2 giant cockroaches (D:1)
  2 goblins
  2 quokkas (D:1)
  2 bats (D:1)
  A frilled lizard (D:1)
  A kobold (D:1)
  A rat (D:1)
13 creatures vanquished.

Notes
Turn   | Place    | Note
-------+----------+-------------------------------------------
     0 | D:1      | lordive the Spriggan Enchanter began the quest for the Orb.
     0 | D:1      | Reached XP level 1. HP: 9/9 MP: 5/5
   638 | D:1      | Found a faded altar of an unknown god.
  1379 | D:1      | Reached XP level 2. HP: 13/13 MP: 6/6
  1951 | D:1      | Learned a level 2 spell: Ensorcelled Hibernation
  2106 | D:1      | Succumbed to an adder's poison

Illustrated notes

Levels and vault maps discovered:
D:1:      minmay_arrival_up_and_down, layout_basic,
          hellmonk_ecumenical_altar_blasted
D:2:      layout_basic, serial_glass, glass_columns_a, glass_columns_b

Skill      XL: |  1  2 |
---------------+-------+-----
Spellcasting   | 3 |  3.0
Dodging        | 3 |  3.0
Short Blades   | |  1.4
Stealth        | |  4.9
Hexes          | |  3.7

Action                   || total
-------------------------++-------
Melee: Dagger            ||    89
       Punch             ||     1
 Cast: Ensorcelled Hiber ||     2
 Stab: Sleeping          ||     2
Armor: Robe              ||     7
Dodge: Dodged            ||    83

Table legend: (Time is in decaauts)
 A = Elapsed time spent in this place.
 B = Non-inter-level travel time spent in this place.
 C = Inter-level travel time spent in this place.
 D = Time resting spent in this place.
 E = Time spent auto-exploring this place.
 F = Levels seen in this place.
 G = Mean time per level.
                   A        B        C        D        E       F      G
               +--------+--------+--------+--------+--------+-----+--------+
         Total |   1775 |   1758 |     17 |    514 |   1000 |   2 |  887.5 |
       Dungeon |   1775 |   1758 |     17 |    514 |   1000 |   2 |  887.5 |
               +--------+--------+--------+--------+--------+-----+--------+

Top non-repeatable levels by time:
     D:1: 1559 daAuts
     D:2: 216 daAuts
